 Dungeon Crawl Stone Soup version bcrawl-1.21.2-20-g6d45ba5942 (webtiles) character file.

Game seed: 8447288203300124001

97 Revguard the Insei (level 4, -3/35 HPs)
             Began as a Demonspawn Martial Artist on Feb 26, 2020.
             Was a Priest of Wu Jian.
             Killed by divine providence
             ... invoked by an orc priest
              (12 damage)
             ... on level 3 of the Dungeon.
             The game lasted 00:08:28 (2100 turns).

Revguard the Insei (Demonspawn Martial Artist)      Turns: 2100, Time: 00:08:28

Health: -3/35      AC:  4    Str: 13    XL:     4   Next: 42%
Magic:  0/5        EV: 13    Int: 16    God:    Wu Jian [***...]
Gold:   173        SH:  0    Dex: 15    Spells: 4/5 levels left

rFire    . . .     SeeInvis .     - Unarmed
rCold    . . .     Gourm    .   (no shield)
rNeg     . . .     Faith    .   k - +0 leather armour
rPois    .         Spirit   +   (no helmet)
rElec    .         Reflect  .   (no cloak)
rCorr    .         Harm     .   (no gloves)
MR       .....                  c - +0 pair of boots
Stlth    +.........             (no amulet)
HPRegen  0.11/turn              (no ring)
MPRegen  0.09/turn              (no ring)

@: brilliant, confusing touch, glowing
A: nightstalker 1, magic shield
a: Wall Jump, Serpent's Lash, Renounce Religion


You were on level 3 of the Dungeon.
You worshipped Wu Jian.
Wu Jian was most pleased with you.
You were not hungry.

You visited 1 branch of the dungeon, and saw 3 of its levels.

You collected 173 gold pieces.

Inventory:

Missiles
 o - 124 javelins (quivered)
Armour
 a - a +0 robe
 c - a +0 pair of boots (worn)
 k - a +0 leather armour (worn)
Scrolls
 j - a scroll of amnesia
Potions
 b - a potion of agility
 d - 2 potions of magic
Comestibles
 e - 3 rations {!d}
 q - 3 chunks of flesh


   Skills:
 + Level 3.1 Fighting
 + Level 0.1 Armour
 + Level 3.1 Dodging
 + Level 1.9 Stealth
 + Level 4.6 Unarmed Combat
 + Level 1.1 Spellcasting
 + Level 1.4 Hexes


You had 4 spell levels left.
You knew the following spells:

 Your Spells              Type           Power        Failure   Level  Hunger
a - Confusing Touch       Hex            ###.....     1%          1    ##.....
Your spell library was empty.

Dungeon Overview and Level Annotations

Branches:
Dungeon (3/12)

Altars:
Cheibriados
Sif Muna


Innate Abilities, Weirdness & Mutations

You are slightly more attuned to the shadows.
When hurt, damage is shared between your health and your magic reserves.


Message History

Things that are here:
a +0 whip; a +0 scale mail The orc priest seems disoriented.
You hit the orc priest but do no damage.
The orc priest is heavily wounded.
The orc closely misses you.
The orc priest hits you with a cursed +0 war axe.
You spin and attack the orc priest.
You completely miss the orc priest.
The orc priest is heavily wounded.
The orc priest seems less confused.
The orc priest misses you.
You barely miss the orc priest.
The orc priest is heavily wounded.
You hit the orc priest but do no damage.
The orc priest is heavily wounded.
The orc priest closely misses you. The orc hits you with a +0 club.
* * * LOW HITPOINT WARNING * * *
You barely miss something.
The orc priest mumbles some strange prayers to Beogh against you.
Beogh smites you!
You die...

.....(... .........
. ......# ###.
#..#####.....##....
......<......#....
##..(...#.##..... .
#.......).[.<.#...
#.....[))....>....
#...>...)#o@####
#.........)o#
#........##.#
#........#....
#####...........
#........##..
#...####... . ..##
..##


You could see an orc priest and an orc.

Vanquished Creatures
  An ooze (D:1)
  2 worms (D:2)
  4 dart slugs (D:2)
  6 leopard geckos
  7 orcs (D:3)
  2 ball pythons (D:1)
  5 goblins
  5 hobgoblins
  2 jackals (D:2)
  2 quokkas (D:2)
  8 bats
  A frilled lizard (D:1)
  11 kobolds
  9 rats
65 creatures vanquished.

Vanquished Creatures (others)
  A hobgoblin (D:2)
1 creature vanquished.

Grand Total: 66 creatures vanquished

Notes
Turn   | Place    | Note
-------+----------+-------------------------------------------
     0 | D:1      | Revguard the Demonspawn Martial Artist began the quest for
                  | the Orb.
     0 | D:1      | Reached XP level 1. HP: 18/18 MP: 2/2
   100 | D:1      | Reached skill level 4 in Unarmed Combat
   104 | D:1      | Gained mutation: You are slightly more attuned to the
                  | shadows. [demonic ancestry]
   104 | D:1      | Reached XP level 2. HP: 21/24 MP: 3/3
   725 | D:1      | Reached XP level 3. HP: 29/29 MP: 4/4
   789 | D:1      | Reached ** piety under Wu Jian
  1065 | D:2      | Found a snail-covered altar of Cheibriados.
  1120 | D:2      | Found a shimmering blue altar of Sif Muna.
  1741 | D:2      | Gained mutation: When hurt, damage is shared between your
                  | health and your magic reserves. [demonic ancestry]
  1741 | D:2      | Reached XP level 4. HP: 35/35 MP: 5/5
  2075 | D:3      | Reached *** piety under Wu Jian
  2100 | D:3      | Killed from afar by an orc priest

Skill      XL: |  1  2  3 |
---------------+----------+-----
Unarmed Combat | 4 |  4.6
Dodging        | 3 |  3.1
Fighting       | |  3.1
Armour         | |  0.1
Stealth        | |  1.9
Spellcasting   | |  1.1
Hexes          | |  1.4

Action                   |  1- 3 |  4- 6 || total
-------------------------+-------+-------++-------
Melee: Unarmed           |   157 |    55 ||   212
       Punch             |     4 |     2 ||     6
Throw: Javelin           |     1 |       ||     1
 Cast: Confusing Touch   |     6 |     4 ||    10
Invok: Whirlwind         |    72 |    30 ||   102
       Lunge             |    33 |     7 ||    40
  Use: Scroll            |       |     7 ||     7
       Potion            |       |     2 ||     2
 Stab: Sleeping          |    18 |       ||    18
       Confused          |       |     1 ||     1
  Eat: Chunk             |     3 |     1 ||     4
Armor: Robe              |    20 |       ||    20
       Leather armour    |     3 |     4 ||     7
Dodge: Dodged            |    80 |    29 ||   109
